 Dungeon Crawl Stone Soup version 0.32-a0-612-g1c984fe9d1 (webtiles) character file.

Game seed: 14072579364496167679

96 CougarLife the Digger (level 4, -5/24 HPs)
             Began as a Gargoyle Earth Elementalist on Mar 5, 2024.
             Slain by a gnoll
             ... wielding a +0 scythe
              (10 damage)
             ... on level 4 of the Dungeon.
             The game lasted 00:02:35 (3016 turns).

CougarLife the Digger (Gargoyle Earth Elementalist) Turns: 3016, Time: 00:02:36

Health: -5/24      AC:  6    Str: 11    XL:     4   Next: 67%
Magic:  1/8        EV: 11    Int: 18    God:
Gold:   158        SH:  0    Dex: 10    Spells: 5/9 levels left

rFire   . . .        f - +0 dagger
rCold   . . .        (no shield)
rNeg    + . .        a - +0 robe
rPois   ∞            (no helmet)
rElec   +            (no cloak)
rCorr   +            c - +0 pair of gloves
SInv    .            (no boots)
Will    .....        (no amulet)
Stlth   ++           m - ring of resist corrosion
HPRegen 0.24/turn    (no ring)
MPRegen 0.11/turn

%: no passive effects
@: very slightly contaminated
A: sickness immunity, AC +3, negative energy resistance 1, electricity
resistance, torment resistance 1, petrification resistance
a: no special abilities


You were on level 4 of the Dungeon.
You visited 1 branch of the dungeon, and saw 4 of its levels.

You collected 158 gold pieces.

Inventory:

Hand Weapons
 f - a +0 dagger (weapon)
Armour
 a - a +0 robe (worn)
 c - a +0 pair of gloves (worn)
Jewellery
 m - a ring of resist corrosion (left hand)
Scrolls
 g - a scroll of noise {unknown}
 l - 2 scrolls of identify {unknown}
 n - 3 scrolls of teleportation {unknown}
 o - a scroll of immolation {unknown}
 p - 2 scrolls of butterflies {unknown}
 r - a scroll of acquirement {unknown}
Potions
 d - 2 potions of lignification {unknown}
 e - 2 potions of haste {unknown}
 h - a potion of degeneration {unknown}
 i - a potion of enlightenment {unknown}
 j - a potion of might {unknown}
 k - a potion of heal wounds {unknown}
 q - 2 potions of curing {unknown}


   Skills:
 - Level 1.5 Dodging
 - Level 2.1 Stealth
 + Level 3.0 Spellcasting
 + Level 2.7 Conjurations
 + Level 4.7 Earth Magic


You had 5 spell levels left.
You knew the following spells:

 Your Spells              Type           Power      Damage    Failure   Level
a - Sandblast             Erth           38%        2d10      2%          1
b - Stone Arrow           Conj/Erth      32%        3d9       11%         3

Your spell library contained the following spells:

 Spells                   Type           Power      Damage    Failure   Level
 Passwall                 Erth           19%        N/A       7%          3
 Momentum Strike          Conj/Tloc      14%        3d8       14%         2
 Blink                    Tloc           4%         N/A       24%         2
 Ensorcelled Hibernation  Hex/Ice        4%         N/A       24%         2
 Lesser Beckoning         Tloc           4%         N/A       24%         2
 Brom's Barrelling Bould  Conj/Erth      16%        2d4       34%         4
 Fugue of the Fallen      Necr           2%         N/A       43%         3
 Petrify                  Alch/Erth      11%        N/A       52%         4
 Anguish                  Hex/Necr       1%         N/A       85%         4


Dungeon Overview and Level Annotations

Branches:
Dungeon (4/15)
 Temple: D:4-7

Altars:
Uskayaw

Shops:
D:2 [


Innate Abilities, Weirdness & Mutations

You are immune to sickness and miasma.
Your stone body is resilient. (AC +3)
You are immune to poison.
You resist negative energy. (rN+)
You are resistant to electric shocks. (rElec)
You are resistant to unholy torment.
You are immune to petrification.


Message History

Casting: Stone Arrow (quite dangerous; 11% risk of failure)
Confirm with . or Enter, or press ? or * to list all spells.
You don't have enough magic to cast this spell.
Unknown command.
Casting: Stone Arrow (quite dangerous; 11% risk of failure)
Confirm with . or Enter, or press ? or * to list all spells.
Aiming: Sandblast (safe; 2% risk of failure)
Press: ? - help, Shift-Dir - straight line, f/p - gnoll
Aim: a gnoll, wielding a +0 scythe and wearing a +0 robe (84% to hit)
The blast of sand hits the gnoll!
The gnoll is severely wounded.
The gnoll misses you.
Casting: Sandblast (safe; 2% risk of failure)
Confirm with . or Enter, or press ? or * to list all spells.
Aiming: Sandblast (safe; 2% risk of failure)
Press: ? - help, Shift-Dir - straight line, f/p - gnoll
Aim: a gnoll, wielding a +0 scythe and wearing a +0 robe (severely wounded, 84% to hit)
The blast of sand misses the gnoll.
The gnoll closely misses you. x2
Casting: Sandblast (safe; 2% risk of failure)
Confirm with . or Enter, or press ? or * to list all spells.
You don't have enough magic to cast this spell.
Unknown command.
Casting: Sandblast (safe; 2% risk of failure)
Confirm with . or Enter, or press ? or * to list all spells.
You don't have enough magic to cast this spell.
Unknown command.
Casting: Sandblast (safe; 2% risk of failure)
Confirm with . or Enter, or press ? or * to list all spells.
You don't have enough magic to cast this spell.
You hit the gnoll.
The gnoll is almost dead.
The gnoll barely misses you.
You hit the gnoll but do no damage.
The gnoll is almost dead.
The gnoll hits you with a +0 scythe.
* * * LOW HITPOINT WARNING * * *
You hit the gnoll but do no damage.
The gnoll is almost dead.
The gnoll hits you with a +0 scythe!
You die...

### ..# #... ## !.. . #.. ##.
#.# #.# #.# ####### #.#
#.###..#..# ###.# ###..##.)@..#
....####.....#.g#..#
.............####..#
...................#####
....<..................##
..............?.........##
.........#...............# ###
.##.....##.......)..#....###..#
.###...##..#.......##....##..#


You could see a gnoll.

Vanquished Creatures
  A gnoll (D:4)
  3 adders
  A dart slug (D:2)
  An orc (D:3)
  3 bats
  6 endoplasms
  3 giant cockroaches
  5 goblins
  5 hobgoblins
  3 jackals
  5 kobolds
  5 quokkas
  5 ball pythons
  5 frilled lizards
  2 rats (D:2)
53 creatures vanquished.

Notes
Turn   | Place    | Note
-------+----------+-------------------------------------------
     0 | D:1      | CougarLife the Gargoyle Earth Elementalist began the quest
                  | for the Orb.
     0 | D:1      | Reached XP level 1. HP: 10/10 MP: 3/3
   200 | D:1      | Reached XP level 2. HP: 14/15 MP: 1/5
   510 | D:1      | Reached skill level 4 in Earth Magic
  1025 | D:2      | Reached XP level 3. HP: 19/19 MP: 3/6
  1090 | D:2      | Found Besmef's Antique Armour Emporium.
  1257 | D:2      | Found a hide-covered altar of Uskayaw.
  1769 | D:3      | Reached XP level 4. HP: 21/24 MP: 2/8
  2818 | D:4      | Learned a level 3 spell: Stone Arrow
  3016 | D:4      | Slain by a gnoll

Illustrated notes

Levels and vault maps discovered:
D:1:      nzn_arrival_depleted_hourglass, layout_basic
D:2:      layout_basic, serial_shops, nicolae_shop_competitors_out_of_business,
          basic_altar, st_stairs_7, minmay_misc_feat_x, roderic_filled_cross,
          due_unseen_surprise
D:3:      layout_basic, kennysheep_decorative_pillar
D:4:      layout_layer_cave, cheibrodos_sewer_entry_drain,
          chequers_serial_rivers_room_b, sigmund_army

Skill      XL: |  1  2  3  4 |
---------------+-------------+-----
Earth Magic    | 4 |  4.7
Conjurations   | 2 |  2.7
Spellcasting   | 3 |  3.0
Dodging        | |  1.5
Stealth        | |  2.1

Action                     |  1- 3 |  4- 6 || total
---------------------------+-------+-------++-------
  Melee: Unarmed           |     5 |       ||     5
         Dagger            |     6 |     8 ||    14
   Cast: Sandblast         |    51 |    37 ||    88
         Stone Arrow       |       |     1 ||     1
    Use: Potion            |       |     1 ||     1
 Armour: Robe              |    27 |    29 ||    56
  Dodge: Dodged            |    24 |    39 ||    63

Table legend: (Time is in decaauts)
 A = Elapsed time spent in this place.
 B = Non-inter-level travel time spent in this place.
 C = Inter-level travel time spent in this place.
 D = Time resting spent in this place.
 E = Time spent auto-exploring this place.
 F = Levels seen in this place.
 G = Mean time per level.
                   A        B        C        D        E       F      G
               +--------+--------+--------+--------+--------+-----+--------+
         Total |   3063 |   2928 |    135 |     78 |   2279 |   4 |  765.8 |
       Dungeon |   3063 |   2928 |    135 |     78 |   2279 |   4 |  765.8 |
               +--------+--------+--------+--------+--------+-----+--------+

Top non-repeatable levels by time:
     D:3: 1070 daAuts
     D:1: 984 daAuts
     D:2: 769 daAuts
     D:4: 239 daAuts
